 Dungeon Crawl Stone Soup version 0.27-a0-58-g0ec5f8ab93 (webtiles) character file.

Game seed: 11102652369947196905

10 Descartes the Ducker (level 2, 0/14 HPs)
             Began as a Felid Monk on Jan 8, 2021.
             Slain by a goblin
             ... wielding a +0 club
              (3 damage)
             ... on level 1 of the Dungeon.
             The game lasted 00:00:34 (345 turns).

Descartes the Ducker (Felid Monk)                    Turns: 345, Time: 00:00:35

Health: 0/14       AC:  1    Str:  7    XL:     2   Next: 10%
Magic:  3/3        EV: 20    Int: 11    God:
Gold:   0          SH:  0    Dex: 18    Spells: 1/1 levels left
                                        Lives:  0   Deaths: 0

rFire    . . .     SeeInvis +     - Unarmed
rCold    . . .     Faith    .   (shield unavailable)
rNeg     . . .     Spirit   .   (armour unavailable)
rPois    .         Reflect  .   (helmet unavailable)
rElec    .         Harm     .   (cloak unavailable)
rCorr    .         Rampage  .   (gloves unavailable)
Will     .....                  (boots unavailable)
Stlth    +++.......             (no amulet)
HPRegen  0.04/turn              (no ring)
MPRegen  0.08/turn              (no ring)

@: quick
A: very small, no armour, no weapons or thrown items, stealth, claws 1, fangs 3,
see invisible, speed 1, shaggy fur 1, sharp paws
a: no special abilities


You were on level 1 of the Dungeon.
You visited 1 branch of the dungeon, and saw 1 of its levels.

Inventory:

Potions
 a - a potion of attraction {unknown}


   Skills:
 - Level 3.0 Fighting
 + Level 4.2 Dodging
 + Level 3.2 Stealth
 + Level 3.2 Unarmed Combat


You had one spell level left.
You didn't know any spells.
Your spell library was empty.

Dungeon Overview and Level Annotations

Branches:
Dungeon (1/15)

Altars:


Innate Abilities, Weirdness & Mutations

You cannot wear armour.
You are incapable of wielding weapons or throwing items.
Your paws allow you to move quietly. (Stealth)
You have sharp claws.
You have razor-sharp teeth.
You have supernaturally acute eyesight. (SInv)
You cover ground quickly.
You are covered in fur. (AC +1)
Your sharp claws are effective at attacking unaware monsters.


Message History

You closely miss the jackal.
The jackal is almost dead.
The jackal completely misses you.
You barely miss the jackal.
The jackal is almost dead.
The jackal completely misses you. The jackal bites you.
You miss the jackal.
The jackal is almost dead.
The jackal completely misses you.
You scratch the jackal.
You kill the jackal!
Unknown command.
You scratch the goblin but do no damage.
Your bite misses the goblin. The goblin hits you with a +0 club.
* * * LOW HITPOINT WARNING * * *
You barely miss the goblin. You scratch the goblin.
The goblin is severely wounded.
The goblin hits you with a +0 club.
You die...

#####.# #.# ## ......#
#.######..####
......####....)........
....รท........#####..###
.............# #
.............#
.............#
.............#######..#.
.............'..@gh.....
.............#######..#.
.............#
......####..... ......
####### ###.#.


You could see a jackal and a goblin.

Vanquished Creatures
  2 goblins (D:1)
  2 hobgoblins (D:1)
  2 jackals (D:1)
  A kobold (D:1)
  A rat (D:1)
8 creatures vanquished.

Notes
Turn   | Place    | Note
-------+----------+-------------------------------------------
     0 | D:1      | Descartes the Felid Monk began the quest for the Orb.
     0 | D:1      | Reached XP level 1. HP: 10/10 MP: 2/2
   332 | D:1      | Reached XP level 2. HP: 9/14 MP: 3/3
   345 | D:1      | Slain by a goblin

Illustrated notes

Levels and vault maps discovered:
D:1:      wander_arrival_chamber, layout_basic, minmay_split_cup_small

Skill      XL: |  1 |
---------------+----+-----
Stealth        | 3 |  3.2
Fighting       | |  3.0
Dodging        | |  4.2
Unarmed Combat | |  3.2

Action                   || total
-------------------------++-------
Melee: Unarmed           ||    35
       Bite              ||     3
       Punch             ||     1
Dodge: Dodged            ||    24

Table legend: (Time is in decaauts)
 A = Elapsed time spent in this place.
 B = Non-inter-level travel time spent in this place.
 C = Inter-level travel time spent in this place.
 D = Time resting spent in this place.
 E = Time spent auto-exploring this place.
 F = Levels seen in this place.
 G = Mean time per level.
                   A        B        C        D        E       F      G
               +--------+--------+--------+--------+--------+-----+--------+
         Total |    331 |    331 |      0 |      0 |    260 |   1 |  331.0 |
       Dungeon |    331 |    331 |      0 |      0 |    260 |   1 |  331.0 |
               +--------+--------+--------+--------+--------+-----+--------+

Top non-repeatable levels by time:
     D:1: 331 daAuts
